 Dungeon Crawl Stone Soup version 0.27.0-1-g7a089689b8 (webtiles) character file.

Game seed: 600908589337004618

2103 MajorAdolf the Covert (level 9, 0/82 HPs)
             Began as a Naga Wanderer on Aug 8, 2021.
             Was a Follower of Cheibriados.
             Slain by a gnoll (3 damage)
             ... on level 8 of the Dungeon.
             The game lasted 00:23:00 (10851 turns).

MajorAdolf the Covert (Naga Wanderer)              Turns: 10851, Time: 00:23:01

Health: 0/82       AC:  9    Str: 18    XL:     9   Next: 28%
Magic:  3/15       EV:  9    Int: 18    God:    Cheibriados [*.....]
Gold:   278        SH:  0    Dex: 14    Spells: 9/16 levels left

rFire    + . .     SeeInvis +   n - +2 halberd (protect)
rCold    + . .     Faith    .   (shield currently unavailable)
rNeg     . . .     Spirit   .   p - +0 robe
rPois    +         Reflect  .   (no helmet)
rElec    .         Harm     .   i - +2 cloak
rCorr    .         Rampage  .   b - +1 pair of gloves
Will     +....                  (no barding)
Stlth    +++++.....             (no amulet)
HPRegen  0.23/turn              g - ring of protection from cold
MPRegen  0.14/turn              u - ring of protection from fire

@: liquefying, slowed movement, very slow
A: AC +3, large, see invisible, deformed body, poison resistance, slowness 2,
spit poison 1, naga tail 1
a: Spit Poison, Renounce Religion, Bend Time


You were on level 8 of the Dungeon.
You worshipped Cheibriados.
Cheibriados was aware of your devotion.
You visited 2 branches of the dungeon, and saw 10 of its levels.

You collected 278 gold pieces.

Inventory:

Hand Weapons
 n - a +2 halberd of protection (weapon)
Missiles
 d - 22 bolts
Armour
 b - a +1 pair of gloves (worn)
 i - a +2 cloak (worn)
 p - a +0 robe (worn)
 w - the +3 leather armour "Xotaytic" {+Blink Fly rElec Slay-6}
   (You found it on level 7 of the Dungeon)

   Slay:      It affects your accuracy & damage with ranged weapons and melee
   (-6).
   rElec:     It insulates you from electricity.
   Fly:       It grants you flight.
   +Blink:    It lets you blink.
Jewellery
 g - a ring of protection from cold (left hand)
 u - a ring of protection from fire (right hand)
Wands
 v - a wand of digging (4)
 A - a wand of polymorph (13)
Scrolls
 h - 2 scrolls of identify
 j - a scroll of enchant armour
 k - a scroll of blinking {unknown}
 m - 3 scrolls of noise {unknown}
 q - a scroll of acquirement {unknown}
 s - a scroll of vulnerability {unknown}
 t - a scroll of magic mapping {unknown}
 y - a scroll of amnesia
 z - a scroll of enchant weapon {unknown}
Potions
 a - a potion of haste {unknown}
 f - 3 potions of degeneration
 l - a potion of cancellation
 r - a potion of resistance
 x - a potion of brilliance {unknown}


   Skills:
 - Level 6.0 Fighting
 - Level 1.0 Axes
 - Level 1.0 Crossbows
 + Level 11.1 Stealth
 - Level 1.0 Shields
 + Level 4.4 Spellcasting
 + Level 1.9 Conjurations
 + Level 4.9 Hexes
 + Level 4.8 Earth Magic
 + Level 2.6 Invocations


You had 9 spell levels left.
You knew the following spells:

 Your Spells              Type           Power      Damage    Failure   Level
a - Leda's Liquefaction   Hex/Erth       10%        N/A       19%         4
b - Stone Arrow           Conj/Erth      32%        3d9       11%         3

Your spell library contained the following spells:

 Spells                   Type           Power      Damage    Failure   Level
 Corona                   Hex            23%        N/A       1%          1
 Animate Skeleton         Necr           6%         N/A       14%         1
 Apportation              Tloc           6%         N/A       14%         1
 Summon Small Mammal      Summ           12%        N/A       14%         1
 Portal Projectile        Hex/Tloc       24%        N/A       16%         3
 Call Canine Familiar     Summ           3%         N/A       38%         3
 Gell's Gravitas          Tloc           1%         N/A       38%         3
 Lesser Beckoning         Tloc           1%         N/A       38%         3
 Teleport Other           Tloc           3%         N/A       38%         3
 Bolt of Magma            Conj/Fire/Erth 6%         4d6       83%         5
 Shatter                  Erth           10%        3d12*     100%        9


Dungeon Overview and Level Annotations

Branches:
Dungeon (9/15)             Temple (1/1) D:5
   Lair: D:8-11         Orc: D:9-12

Altars:
Ashenzari
Cheibriados
Dithmenos
Elyvilon
Fedhas
Gozag
Hepliaklqana
Kikubaaqudgha
Makhleb
Nemelex Xobeh
Okawaru
Qazlal
Ru
Sif Muna
Trog
Uskayaw
Vehumet
Wu Jian
Yredelemnul
Zin
The Shining One

Shops:
D:7 [

Annotations:
D:3 exclusions: orc and orc priest, Sigmund
D:4 Edmund
D:7 1 runed translucent door, Crazy Yiuf


Innate Abilities, Weirdness & Mutations

Your serpentine skin is tough. (AC +3)
You have supernaturally acute eyesight. (SInv)
Armour fits poorly on your strangely shaped body.
Your system is resistant to poisons. (rPois)
You cover ground very slowly.
You can spit poison.
You have a snake-like lower body.


Message History

You become entangled in the net!
You see here a throwing net.
You struggle against the net.
The gnoll hits you from afar with a +0 halberd.
You struggle against the net.
The gnoll hits you from afar with a +0 halberd!
* * * LOW HITPOINT WARNING * * *
The gnoll closely misses you.
You struggle against the net.
The gnoll barely misses you.
You rip the net and break free!
The gnoll hits you from afar with a +0 halberd!
* * * LOW HITPOINT WARNING * * *
The gnoll closely misses you.
Unknown command.
Unknown command.
Okay, then.
Okay, then.
The gnoll misses you.
Your transformation has ended.
Your +2 halberd of protection unmelds from your body.
Your +2 cloak unmelds from your body.
Your +1 pair of gloves unmelds from your body.
Your +0 robe unmelds from your body.
Your ring of protection from cold unmelds from your body.
Your ring of protection from fire unmelds from your body.
Your +2 halberd of protection hums with potential!
Okay, then.
Okay, then.
Casting: Stone Arrow (dangerous; 11% risk of failure)
Confirm with . or Enter, or press ? or * to list all spells.
Okay, then.
The flow of time bends around you. The gnoll closely misses you.
The gnoll barely misses you.
Okay, then.
Casting: Stone Arrow (dangerous; 11% risk of failure)
Confirm with . or Enter, or press ? or * to list all spells.
The ground around you becomes liquefied!
The gnoll becomes momentarily stuck in the liquid earth.
The gnoll hits you from afar with a +0 halberd.
You die...

### ##########
#########.#####........#
#......##....##..^.≈≈..###
#......##........≈≈≈≈...).
#..≈..[......##...≈≈≈..###
#..≈.....[#####...≈≈≈..#
#..≈...##.# #..≈≈≈≈..#
#......##@# #.≈≈≈≈≈).#
#......##.# #.≈≈≈≈≈..#
#......##g# #..≈≈....#
#......##.# #........#
#......##g# #.#
###+#...#g# #.#
#.###.#g###########)####
#......g##.......g).....
#..........#############


You could see 5 gnolls.

Vanquished Creatures
  A water moccasin (D:6)
  2 sky beasts (D:6)
  An ice beast (D:7)
  A necrophage (D:6)
  2 ogres (D:6)
  2 centaurs
  A phantom (D:5)
  2 bullfrogs
  2 water moccasin skeletons
  2 electric eels (D:8)
  A bullfrog zombie (D:7)
  A centaur zombie (D:8)
  2 hounds
  2 jellies
  2 bullfrog skeletons
  A gnoll shaman (D:8)
  5 orc priests
  6 iguanas
  3 orc wizards
  Natasha (thrice) (D:2)
  A hound skeleton (D:4)
  7 gnolls
  A howler monkey skeleton (D:4)
  3 adders
  An ufetubus (D:5)
  2 worms (D:2)
  3 dart slugs
  20 orcs
  2 endoplasms
  6 hobgoblins
  14 jackals
  10 kobolds
  2 ball pythons
  4 bats
  2 frilled lizards (D:2)
  10 goblins
  6 rats
136 creatures vanquished.

Vanquished Creatures (others)
  7 fungi
  8 plants
15 creatures vanquished.

Grand Total: 151 creatures vanquished

Notes
Turn   | Place    | Note
-------+----------+-------------------------------------------
     0 | D:1      | MajorAdolf the Naga Wanderer began the quest for the Orb.
     0 | D:1      | MajorAdolf set off with the following items: a +2 hand axe,
                  | a +0 ring mail, a +0 hand crossbow, 22 bolts
     0 | D:1      | Reached XP level 1. HP: 26/26 MP: 1/1
    45 | D:1      | Reached skill level 2 in Stealth
   135 | D:1      | Reached skill level 3 in Stealth
   249 | D:1      | Reached XP level 2. HP: 26/33 MP: 2/2
   670 | D:1      | Reached skill level 4 in Stealth
   931 | D:2      | Reached XP level 3. HP: 40/40 MP: 3/3
  1035 | D:1      | Reached skill level 5 in Stealth
  1166 | D:1      | Reached skill level 6 in Stealth
  1166 | D:1      | Reached XP level 4. HP: 37/48 MP: 4/4
  1372 | D:2      | Noticed Natasha
  1437 | D:2      | Killed Natasha
  1445 | D:2      | Reached skill level 7 in Stealth
  1842 | D:2      | Noticed Natasha
  1869 | D:2      | Killed Natasha
  1870 | D:2      | Reached XP level 5. HP: 30/55 MP: 5/5
  2381 | D:3      | Found a faded altar of an unknown god.
  2889 | D:3      | Learned a level 4 spell: Leda's Liquefaction
  3202 | D:2      | Reached skill level 8 in Stealth
  3287 | D:3      | Noticed Sigmund
  3390 | D:2      | Noticed Natasha
  3394 | D:2      | Killed Natasha
  3395 | D:2      | Reached skill level 1 in Hexes
  3395 | D:2      | Reached skill level 1 in Earth Magic
  3706 | D:3      | Reached skill level 1 in Spellcasting
  3706 | D:3      | Reached XP level 6. HP: 50/62 MP: 7/7
  4386 | D:4      | Noticed Edmund
  4404 | D:5      | Entered Level 5 of the Dungeon
  4736 | D:5      | Found a blossoming altar of Fedhas.
  4737 | D:5      | Found a basalt altar of Yredelemnul.
  4881 | D:5      | Reached XP level 7. HP: 48/69 MP: 8/10
  5010 | D:5      | Reached skill level 9 in Stealth
  5227 | D:5      | Found a staircase to the Ecumenical Temple.
  5281 | D:5      | Found a radiant altar of Vehumet.
  7056 | D:6      | HP: 1/69 [ogre (24)]
  7059 | D:6      | Reached XP level 8. HP: 7/76 MP: 12/12
  7387 | Temple   | Entered the Ecumenical Temple
  7700 | Temple   | Became a worshipper of Cheibriados the Contemplative
  7837 | D:6      | Reached skill level 10 in Stealth
  8578 | D:6      | Reached skill level 1 in Invocations
  8770 | D:6      | Learned a level 3 spell: Stone Arrow
  8984 | D:6      | Reached * piety under Cheibriados
  9227 | D:7      | Reached XP level 9. HP: 82/82 MP: 15/15
  9300 | D:7      | Reached skill level 1 in Conjurations
  9534 | D:7      | Identified the +3 leather armour "Xotaytic" {+Blink Fly
                  | rElec Slay-6}
  9885 | D:7      | Found a runed translucent door.
  9886 | D:7      | Noticed Crazy Yiuf
 10151 | D:7      | Found Ithruria's Antique Armour Boutique.
 10624 | D:8      | Reached skill level 11 in Stealth
 10845 | D:8      | HP: 1/82 [gnoll (13)]
 10851 | D:8      | Slain by a gnoll

Illustrated notes

Levels and vault maps discovered:
D:1:      nzn_arrival_crosshair, layout_loops_cross, grunt_decor_mini_mirrors
D:2:      layout_basic, uniq_natasha
D:3:      layout_basic, shapermc_ecumenical_altar_acropolis, uniq_sigmund
D:4:      layout_loops_ring, serial_shops, shop, grunt_ministairs_12,
          uniq_edmund
D:5:      layout_rooms, gammafunk_temple_overflow_pools,
          overflow_temple_1_default, temple_statues, serial_co_window_serial,
          co_window_paths_a, co_window_paths_a, co_window_corner_a,
          co_window_corner_a, co_window_of_opportunity_a,
          co_window_of_opportunity_c, co_window_2corner,
          co_window_of_opportunity_c, co_window_of_opportunity_b,
          co_window_broadway_b, co_window_of_opportunity_b,
          co_window_broadway_b, glass_columns_a, glass_columns_a,
          glass_columns_c, glass_columns_a, serial_bayou_crossing
D:6:      layout_rooms, minmay_ogre_servants
D:7:      layout_basic, serial_shops, nicolae_shop_overgrown_old_shop,
          uniq_crazy_yiuf_cottage
D:8:      layout_basic, dpeg_oklobed_lair, nrook_mini_backslash,
          lemuel_another_geyser
D:9:      layout_rooms, uniq_maurice
Temple:   dpeg_five_rooms_temple

Skill      XL: |  1  2  3  4  5  6  7  8  9 |
---------------+----------------------------+-----
Stealth        | 3 4 6 7 8 9 10 11 | 11.1
Hexes          | 1 2 3 4 |  4.9
Earth Magic    | 1 2 3 4 |  4.8
Spellcasting   | 1 2 3 4 |  4.4
Invocations    | 1 2 |  2.6
Conjurations   | 1 |  1.9
Fighting       | |  6.0
Axes           | |  1.0
Crossbows      | |  1.0
Shields        | |  1.0

Action                   |  1- 3 |  4- 6 |  7- 9 || total
-------------------------+-------+-------+-------++-------
Melee: Hand axe          |    65 |   191 |    41 ||   297
       Halberd           |       |       |   196 ||   196
 Fire: Hand crossbow     |       |     3 |     6 ||     9
 Cast: Stone Arrow       |       |       |    29 ||    29
       Leda's Liquefacti |       |       |     1 ||     1
Invok: Bend Time         |       |       |     1 ||     1
 Abil: Spit Poison       |     5 |    18 |    18 ||    41
  Use: Scroll            |       |     9 |     2 ||    11
       Potion            |       |       |     3 ||     3
 Stab: Sleeping          |     1 |     7 |     3 ||    11
       Distracted        |       |     1 |       ||     1
Armor: Ring mail         |    37 |       |       ||    37
       Robe              |       |   121 |   165 ||   286
Dodge: Dodged            |    29 |   101 |   172 ||   302
